 Dungeon Crawl Stone Soup version 0.28.0-53-g5a82cb258f (webtiles) character file.

Game seed: 13188365475808612012

119 cbfl8 the Chopper (level 4, 0/55 HPs)
             Began as a Demonspawn Berserker on July 18, 2022.
             Was a Believer of Trog.
             Slain by a gnoll
             ... wielding a +0 flail
              (11 damage)
             ... on level 3 of the Dungeon.
             The game lasted 00:02:47 (1864 turns).

cbfl8 the Chopper (Demonspawn Berserker)            Turns: 1864, Time: 00:02:49

Health: 0/55       AC:  5    Str: 19    XL:     4   Next: 73%
Magic:  4/4        EV: 11    Int:  9    God:    Trog [**....]
Gold:   38         SH:  0    Dex: 12    Spells: 3/3 levels left

rFire   . . .      SeeInvis .   e - +2 hand axe (venom)
rCold   . . .      Faith    .   (no shield)
rNeg    . . .      Spirit   .   h - +0 ring mail
rPois   .          Reflect  .   (no helmet)
rElec   .          Harm     .   (no cloak)
rCorr   .          Rampage  .   (no gloves)
Will    ++...                   (no boots)
Stlth   ..........              (no amulet)
HPRegen 1.18/turn               (no ring)
MPRegen 0.09/turn               (no ring)

@: berserking, strong-willed, regenerating, very quick
A: hooves 2
a: Renounce Religion, Berserk, Trog's Hand


You were on level 3 of the Dungeon.
You worshipped Trog.
Trog was pleased with you.
You visited 1 branch of the dungeon, and saw 3 of its levels.

You collected 38 gold pieces.

Inventory:

Hand Weapons
 a - a +0 hand axe
 e - a +2 hand axe of venom (weapon)
Armour
 b - a +0 animal skin
 h - a +0 ring mail (worn)
Scrolls
 c - 2 scrolls of identify {unknown}
 f - a scroll of noise {unknown}
Potions
 d - a potion of attraction {unknown}
 g - 2 potions of heal wounds {unknown}
 i - a potion of curing {unknown}


   Skills:
 + Level 3.7 Fighting
 + Level 3.8 Axes
 + Level 1.9 Armour
 + Level 2.8 Dodging
 + Level 0.2 Stealth


You had 3 spell levels left.
You didn't know any spells.
Your spell library was empty.

Dungeon Overview and Level Annotations

Branches:
Dungeon (3/15)

Altars:
Dithmenos


Innate Abilities, Weirdness & Mutations

You have hoof-like feet.


Message History

The gnoll is heavily wounded.
The gnoll hits you from afar with a +0 spear.
The gnoll closely misses you.
Unknown command.
You closely miss the gnoll. You kick the gnoll.
The gnoll is almost dead.
You kill the gnoll!
Trog accepts your kill. The gnoll hits you but does no damage.
Unknown command.
You barely miss the gnoll.
The gnoll hits you from afar with a +0 spear.
Unknown command.
You hit the gnoll.
The gnoll is poisoned.
The gnoll is moderately wounded.
The gnoll barely misses you.
The gnoll hits you from afar with a +0 spear.
Unknown command.
You hit the gnoll but do no damage.
The gnoll looks as sick as possible!
The gnoll is moderately wounded.
You hit the gnoll.
The gnoll is poisoned.
The gnoll hits you with a +0 flail. x2
The gnoll hits you from afar with a +0 spear.
The gnoll hits you with a +0 flail. The gnoll hits you but does no damage.
Unknown command.
You are too injured to fight recklessly!
Unknown command.
Your skin crawls.
You feel strong-willed.
The gnoll hits you from afar with a +0 spear.
* * * LOW HITPOINT WARNING * * *
The gnoll barely misses you. The gnoll hits you with a +0 flail.
* * * LOW HITPOINT WARNING * * *
A red film seems to cover your vision as you go berserk!
You feel yourself moving faster!
You feel mighty!
You kill the gnoll!
Trog accepts your kill.
The gnoll hits you from afar with a +0 spear.
* * * LOW HITPOINT WARNING * * *
The gnoll hits you with a +0 flail!
You die...

### #.. #.# #
#.## ##.# #.g
... ##g##.#
#.@)..#.$#
#........#
#..####.##
#.......#
###.##### ..#
#.# ######
...#
#.###>....##
...#
#.##.......#
#..#
##.##.......#
#..^


You could see 2 gnolls.

Vanquished Creatures
  3 gnolls
  5 adders
  A dart slug (D:1)
  An orc (D:3)
  5 endoplasms
  2 giant cockroaches
  3 hobgoblins
  3 jackals (D:2)
  3 kobolds
  4 quokkas
  9 ball pythons
  4 bats
  3 frilled lizards
  3 goblins
  5 rats
54 creatures vanquished.

Notes
Turn   | Place    | Note
-------+----------+-------------------------------------------
     0 | D:1      | cbfl8 the Demonspawn Berserker began the quest for the Orb.
     0 | D:1      | Reached XP level 1. HP: 18/18 MP: 1/1
   420 | D:1      | Gained mutation: You have large cloven feet. [demonic
                  | ancestry]
   420 | D:1      | Reached XP level 2. HP: 24/24 MP: 2/2
   804 | D:1      | Reached XP level 3. HP: 27/29 MP: 3/3
  1200 | D:2      | Reached ** piety under Trog
  1355 | D:2      | Found a faded altar of an unknown god.
  1619 | D:2      | Gained mutation: You have hoof-like feet. [demonic
                  | ancestry]
  1619 | D:2      | Reached XP level 4. HP: 33/36 MP: 4/4
  1802 | D:3      | Found a shadowy altar of Dithmenos.
  1864 | D:3      | Slain by a gnoll

Illustrated notes

Levels and vault maps discovered:
D:1:      wander_arrival_chamber, layout_rooms
D:2:      layout_rooms, nicolae_ecumenical_snake_handling
D:3:      layout_loops_cross, lemuel_tele_altar

Skill      XL: |  1  2 |
---------------+-------+-----
Axes           | 3 |  3.8
Dodging        | 2 |  2.8
Fighting       | |  3.7
Armour         | |  1.9
Stealth        | |  0.2

Action                   |  1- 3 |  4- 6 || total
-------------------------+-------+-------++-------
Melee: Hand axe          |    94 |    29 ||   123
       Kick              |    13 |     4 ||    17
       Punch             |     1 |       ||     1
Invok: Berserk           |     1 |     1 ||     2
       Trog's Hand       |       |     1 ||     1
 Stab: Sleeping          |     1 |       ||     1
Armor: Animal skin       |    23 |       ||    23
       Ring mail         |       |    12 ||    12
Dodge: Dodged            |    71 |    34 ||   105
